Map: Babylon LE

Players

ReesesPieces - Winner!

  • Race: Protoss Protoss
  • League: Grandmaster
  • Spawn Location: 11:00

MillForGG (ForGG)

  • Race: Terran Terran
  • League: Grandmaster
  • Spawn Location: 5:00

VOD

Have the link to the VOD?

Description

Time

  • Played on: May 19, 2023, 6:04 p.m.
  • Length: 8:34
Show
View Real Time Build Order
Export as new Build Order

ReesesPieces Protoss - Winner!

Build Orders: 1 Gate Expand, Oracle Opening 

Get SALT Encoding   

  12  0:00  Probe  
  13  0:12  Probe  
  14  0:17  Pylon  
  14  0:24  Probe (Chrono Boost)  
  16  0:36  Gateway  
  16  0:37  Probe (Chrono Boost)  
  16  0:42  Probe (Chrono Boost)  
  16  0:46  Assimilator  
  17  0:52  Probe  
  18  1:04  Probe  
  19  1:16  Probe  
  20  1:23  Cybernetics Core  
  22  1:28  Probe  
  23  1:38  Nexus  
  21  1:47  Pylon  
  22  1:54  Assimilator  
  22  1:58  Adept (Chrono Boost)  
  22  2:05  Probe  
  24  2:17  Stargate, Probe  
  24  2:18  Adept (Chrono Boost)  
  26  2:29  Probe  
  27  2:32  Warp Gate  
  27  2:41  Adept, Probe  
  31  2:51  Probe  
  31  2:56  Probe  
  32  3:02  Oracle (Chrono Boost)  
  32  3:03  Probe  
  36  3:08  Probe, Pylon  
  37  3:15  Probe  
  38  3:21  Probe  
  35  3:29  Probe (Chrono Boost)  
  35  3:30  Gateway  
  35  3:33  Probe (Chrono Boost)  
  42  3:43  Void Ray  
  42  3:44  Probe (Chrono Boost)  
  42  3:45  Probe (Chrono Boost)  
  43  3:49  Probe (Chrono Boost)  
  43  3:51  Probe  
  43  3:52  Pylon  
  45  3:57  Assimilator  
  45  3:58  Assimilator  
  45  3:59  Probe  
  46  4:04  Probe  
  46  4:07  Pylon  
  47  4:14  Probe (Chrono Boost)  
  47  4:16  Probe (Chrono Boost)  
  54  4:27  Probe (Chrono Boost)  
  54  4:28  Void Ray, Probe (Chrono Boost)  
  55  4:31  Probe (Chrono Boost)  
  55  4:34  Fleet Beacon  
  55  4:36  Probe  
  57  4:42  Probe  
  58  4:48  Stargate  
  58  4:51  Pylon  
  58  5:02  Pylon  
  58  5:05  Probe x2  
  60  5:07  Protoss Air Weapons Level 1 (Chrono Boost)  
  60  5:09  Pylon  
  60  5:14  Forge  
  66  5:23  Carrier (Chrono Boost)  
  66  5:29  Nexus  
  66  5:34  Shield Battery  
  66  5:46  Probe x2  
  66  5:48  Carrier (Chrono Boost)  
  74  5:52  Shield Battery  
  74  5:56  Shield Battery  
  74  5:58  Probe  
  74  6:00  Sentry, Probe  
  74  6:01  Adept  
  80  6:10  Probe  
  81  6:15  Probe  
  81  6:17  Carrier (Chrono Boost)  
  88  6:22  Probe  
  89  6:28  Probe  
  89  6:32  Photon Cannon  
  90  6:35  Probe  
  90  6:38  Sentry  
  90  6:39  Zealot  
  93  6:40  Probe  
  93  6:44  Photon Cannon  
  93  6:45  Photon Cannon  
  92  6:47  Pylon  
  87  7:01  Zealot  
  87  7:04  Zealot, Carrier (Chrono Boost)  
  95  7:11  Probe  
  95  7:14  Probe  
  85  7:21  Carrier (Chrono Boost)  
  86  7:33  Probe  
  86  7:35  Probe  
  86  7:36  Probe  
  88  7:45  Probe  
  88  7:46  Shield Battery  
  88  7:47  Shield Battery  
  88  7:48  Probe x2  
  88  7:51  Shield Battery  
  91  7:56  Assimilator  
  91  7:57  Assimilator  
  91  7:58  Pylon  
  91  8:14  Probe  
  98  8:21  Pylon  
Show
View Real Time Build Order
Export as new Build Order

MillForGG Terran 

Build Orders: Reaper Expand 

Get SALT Encoding   

  12  0:00  SCV  
  13  0:12  SCV  
  14  0:17  Supply Depot  
  14  0:24  SCV  
  15  0:38  SCV  
  15  0:40  Barracks  
  16  0:44  Refinery  
  16  0:51  SCV  
  17  1:03  SCV  
  18  1:15  SCV  
  19  1:27  Orbital Command, Reaper  
  20  1:46  Command Center  
  20  1:51  Supply Depot  
  20  1:53  SCV  
  21  1:59  Marine  
  22  2:05  SCV  
  23  2:09  Factory  
  23  2:17  SCV  
  23  2:18  Bunker  
  23  2:21  Barracks Reactor  
  24  2:25  Refinery  
  24  2:29  SCV  
  25  2:41  SCV  
  26  2:53  Hellion, SCV  
  26  2:55  Starport  
  29  2:58  Marine x2  
  29  3:01  Orbital Command  
  31  3:06  SCV  
  32  3:16  Marine x2, Widow Mine  
  35  3:26  SCV  
  35  3:27  SCV  
  36  3:34  Starport Tech Lab  
  36  3:35  Barracks  
  36  3:39  SCV x2  
  36  3:40  Marine x2  
  36  3:41  Factory Tech Lab  
  40  3:49  Supply Depot  
  40  3:51  SCV x2  
  42  3:56  Raven  
  45  4:04  Refinery  
  45  4:05  SCV  
  46  4:10  SCV  
  46  4:11  Supply Depot  
  46  4:15  Siege Tank  
  48  4:18  SCV  
  48  4:22  SCV  
  50  4:24  Barracks  
  50  4:25  Engineering Bay  
  50  4:31  SCV  
  51  4:34  SCV  
  51  4:35  Marine x2  
  54  4:38  Supply Depot  
  54  4:40  Starport Reactor  
  54  4:43  SCV  
  56  4:47  Stimpack, SCV  
  56  4:52  Siege Tank  
  59  4:56  Terran Infantry Weapons Level 1  
  59  4:58  SCV  
  59  4:59  SCV  
  60  5:09  Marine  
  60  5:10  Marine x2, SCV  
  60  5:11  Supply Depot, SCV  
  65  5:19  Supply Depot  
  65  5:20  Supply Depot  
  65  5:27  SCV x2  
  65  5:31  Combat Shield  
  65  5:34  Factory Reactor  
  65  5:35  Marine x4  
  68  5:37  Refinery  
  68  5:39  SCV x2  
  71  5:44  Medivac x2  
  71  5:48  Missile Turret  
  75  5:52  SCV  
  75  5:53  SCV  
  75  5:56  Supply Depot  
  77  5:57  Supply Depot  
  77  5:59  Marine  
  77  6:00  Marine x2  
  77  6:01  Marine  
  81  6:15  Armory  
  81  6:17  Marine x3  
  84  6:18  Medivac  
  84  6:19  Marine, Medivac  
  87  6:35  Marine x3, SCV x2  
  87  6:37  Marine  
  87  6:38  Widow Mine x2  
  94  6:53  Marine x3  
  90  6:54  Marine  
  88  7:09  Widow Mine x2  
  88  7:11  Marine x3  
  88  7:12  Marine  
  91  7:17  Medivac x2  
  91  7:20  SCV  
  91  7:21  SCV  
  89  7:28  Marine  
  89  7:29  Marine x2  
  86  7:30  Marine  
  83  7:38  Widow Mine x2  
  83  7:42  Supply Depot  
  84  7:46  Marine x3  
  84  7:47  Medivac  
  84  7:48  Marine, Barracks  
  84  7:49  Medivac  
  84  7:50  Barracks  
  92  8:04  Marine x3  
  91  8:06  Missile Turret, Marine  
Tags
 
Add a new tag
Caveats
  • Supply blocks, unpowered buildings, or Contaminate may cause inaccurate times.
  • Supply counts are checked every 10 seconds.